 Dungeon Crawl Stone Soup version 0.29.0-4-gdea44cf6ec (webtiles) character file.

Game seed: 15999139489881334776

44 qw the Chopper (level 3, 0/21 HPs)
             Began as a Tengu Warper on Aug 28, 2022.
             Succumbed to an adder's poison
             ... on level 2 of the Dungeon.
             The game lasted 00:00:07 (1733 turns).

qw the Chopper (Tengu Warper)                       Turns: 1733, Time: 00:00:08

Health: 0/21       AC:  5    Str: 13    XL:     3   Next: 62%
Magic:  7/7        EV: 11    Int: 13    God:
Gold:   76         SH:  0    Dex: 13    Spells: 6/6 levels left

rFire   + . .      SeeInvis .   Y - +0 hand axe
rCold   + . .      Faith    .   (no shield)
rNeg    . . .      Spirit   .   h - +0 ring mail
rPois   .          Reflect  .   (helmet restricted)
rElec   .          Harm     .   e - scarf {rC+ rF+}
rCorr   .          Rampage  .   (no gloves)
Will    .....                   (boots unavailable)
Stlth   +.........              (no amulet)
HPRegen 0.07/turn               (no ring)
MPRegen 0.10/turn               (no ring)

@: lethally poisoned (0 -> -5)
A: beak, talons 3
a: no special abilities


You were on level 2 of the Dungeon.
You visited 1 branch of the dungeon, and saw 2 of its levels.

You collected 76 gold pieces.


Innate Abilities, Weirdness & Mutations

You have a beak for a mouth.
You have claws for feet.


   Skills:
 - Level 2.0 Fighting
 + Level 4.3 Axes
 - Level 1.0 Throwing
 - Level 1.1 Armour
 - Level 2.1 Dodging
 - Level 2.0 Spellcasting
 - Level 2.4 Translocations


You had 6 spell levels left.
You didn't know any spells.
Your spell library contained the following spells:

 Spells                   Type           Power      Damage    Failure   Level
 Blink                    Tloc           14%        N/A       30%         2
 Gell's Gravitas          Tloc           7%         N/A       52%         3
 Lesser Beckoning         Tloc           7%         N/A       52%         3
 Teleport Other           Tloc           7%         N/A       52%         3
 Manifold Assault         Tloc           7%         N/A       99%         5

Inventory:

Hand Weapons
 l - a +0 whip
 Y - a +0 hand axe (weapon)
Armour
 a - a +0 chain mail
 e - a scarf of resistance (worn)
 h - a +0 ring mail (worn)
Potions
 b - a potion of cancellation {unknown}
 i - a potion of invisibility {unknown}
 k - a potion of haste {unknown}

Dungeon Overview and Level Annotations

Branches:
Dungeon (2/15)

Altars:

Shops:
D:1 !


Message History

The adder poisons you! The adder misses you.
You hit the adder.
The adder is lightly wounded.
You feel sick. The adder bites you.
You are more poisoned.
The adder poisons you!
You closely miss the adder.
The adder is lightly wounded.
You feel very sick. The adder barely misses you.
You barely miss the adder. Your peck misses the adder.
The adder is lightly wounded.
You feel sick. The adder bites you but does no damage.
The adder closely misses you.
You hit the adder.
The adder is moderately wounded.
You feel sick. The adder bites you but does no damage.
You hit the adder.
The adder is almost dead.
You closely miss the goblin.
You feel sick. The adder bites you.
You are lethally poisoned!
The adder poisons you! The goblin hits you but does no damage.
The adder bites you but does no damage. The goblin completely misses you.
You hit the adder but do no damage. Your kick misses the adder.
You peck the adder.
The adder is almost dead.
You barely miss the goblin.
You feel very sick. The adder barely misses you. The goblin closely misses you.
You hit the adder.
You kill the adder!
You closely miss the goblin.
You feel sick. The goblin misses you.
You hit the goblin. Your kick misses the goblin.
The goblin is moderately wounded.
You feel sick. The goblin misses you.
You hit the goblin. You claw the goblin.
You kill the goblin!
You die...

##... .... ..... ....
..## ..... ...# ...#
.....###....## ....
.............. ##...
.#...<##....# ...#
...##....# ##..$#.##
##.....#########)..!...#
####...........#@#
.........#####...##.#
.........######.....#.
..........##............
.............#.####.#...
...........###.# #.# ..
............##.# #.#
............#..# #.#
.........#....#####.##


There were no monsters in sight!

Vanquished Creatures
  2 adders (D:2)
  A worm (D:2)
  4 ball pythons
  A bat (D:1)
  2 giant cockroaches (D:2)
  4 goblins
  2 hobgoblins (D:2)
  A quokka (D:1)
  2 frilled lizards
  4 kobolds
  A rat (D:1)
24 creatures vanquished.

Notes
Turn   | Place    | Note
-------+----------+-------------------------------------------
     0 | D:1      | qw the Tengu Warper began the quest for the Orb.
     0 | D:1      | Reached XP level 1. HP: 12/12 MP: 4/4
     0 | D:1      | 0 ||| qw: Version: 0.1-a-89-g26bdef1
     0 | D:1      | 0 ||| qw: Game counter: 1607
     0 | D:1      | 0 ||| qw: Always use a shield: true
     0 | D:1      | 0 ||| qw: God list: Okawaru
     0 | D:1      | 0 ||| qw: Allow faded altars: false
     0 | D:1      | 0 ||| qw: Do Orc after D:15 true
     0 | D:1      | 0 ||| qw: Do second Lair branch before Depths: true
     0 | D:1      | 0 ||| qw: Lair rune preference: random
     0 | D:1      | 0 ||| qw: Plans: Normal
     0 | D:1      | 0 ||| PLANNING D:1-11
   343 | D:1      | Found Lueva's Distillery.
   350 | D:1      | Reached XP level 2. HP: 17/17 MP: 6/6
   357 | D:1      | 357 ||| SHOPLISTING 2 potions of cancellation (160 gold,
                  | have 6).
   357 | D:1      | 357 ||| SHOPLISTING potion of curing (30 gold, have 6).
   357 | D:1      | 357 ||| SHOPLISTING potion of haste (100 gold, have 6).
   357 | D:1      | 357 ||| SHOPLISTING potion of resistance (100 gold, have
                  | 6).
   382 | D:1      | Reached skill level 3 in Axes
   589 | D:1      | 589 ||| DROPPING +0 club.
   640 | D:1      | 640 ||| Stepping ~*~*~tactically~*~*~ (stealth).
   654 | D:1      | 654 ||| Stepping ~*~*~tactically~*~*~ (stealth).
   889 | D:1      | 889 ||| UPGRADING to scarf of resistance.
   894 | D:1      | 894 ||| UPGRADING to +0 ring mail.
   904 | D:1      | 904 ||| DROPPING +0 leather armour.
   905 | D:1      | 905 ||| READING 2 scrolls labelled MELENA XYFOYC.
   906 | D:1      | 906 ||| READING scroll labelled ODIYCA MIBI.
   907 | D:1      | 907 ||| READING 2 scrolls labelled KEFAEJ YRA.
   908 | D:1      | 908 ||| READING scroll labelled RARREI BECHA.
   909 | D:1      | 909 ||| READING scroll labelled JUSYISHASUH.
   910 | D:1      | 910 ||| DROPPING scroll of butterflies.
   911 | D:1      | 911 ||| DROPPING scroll of blinking.
   912 | D:1      | 912 ||| DROPPING scroll of amnesia.
   932 | D:2      | 932 ||| STAIRDANCE
   968 | D:2      | HP: 2/17 [worm (5)]
  1025 | D:2      | 1025 ||| FLEEEEING.
  1026 | D:2      | 1026 ||| FLEEEEING.
  1027 | D:2      | 1027 ||| FLEEEEING.
  1028 | D:2      | 1028 ||| FLEEEEING.
  1029 | D:2      | 1029 ||| FLEEEEING.
  1030 | D:2      | 1030 ||| STAIRDANCE
  1347 | D:2      | Reached XP level 3. HP: 10/21 MP: 7/7
  1352 | D:2      | Reached skill level 4 in Axes
  1405 | D:2      | 1405 ||| Stepping ~*~*~tactically~*~*~ (stealth).
  1682 | D:2      | 1682 ||| Stepping ~*~*~tactically~*~*~ (stealth).
  1730 | D:2      | HP: 5/21 [poisoned by an adder]
  1732 | D:2      | HP: 1/21 [poisoned by an adder]
  1733 | D:2      | Succumbed to an adder's poison

Levels and vault maps discovered:
D:1:      reono_arrival_mine, layout_basic, serial_shops, nicolae_shop_stone
D:2:      layout_rooms, basic_altar, minmay_pentomino_x4, uniq_jessica,
          uniq_natasha

Skill      XL: |  1  2  3 |
---------------+----------+-----
Axes           | 3 4 |  4.3
Fighting       | |  2.0
Throwing       | |  1.0
Armour         | |  1.1
Dodging        | |  2.1
Spellcasting   | |  2.0
Translocations | |  2.4

Action                   || total
-------------------------++-------
Melee: Hand axe          ||    62
       Peck              ||    12
       Kick              ||    13
       Punch             ||     2
Throw: Boomerang         ||     7
  Use: Scroll            ||     5
Armor: Leather armour    ||     7
       Ring mail         ||    21
Dodge: Dodged            ||    29

Table legend:
 A = Non-vault XP
 B = Vault XP
 C = Vault XP percentage of total XP
 D = Non-vault monster count
 E = Vault monster count
 F = Vault count percentage of total count
                 A         B        C        D         E       F
            +---------+---------+-------+---------+---------+-------
      Total |      61 |       4 |   6.2 |      22 |       2 |   8.3
            +---------+---------+-------+---------+---------+-------
        D:1 |      19 |       0 |   0.0 |      12 |       0 |   0.0
        D:2 |      42 |       4 |   8.7 |      10 |       2 |  16.7
            +---------+---------+-------+---------+---------+-------
